 Dungeon Crawl Stone Soup version 0.28.0-53-g5a82cb258f (webtiles) character file.

Game seed: 9870337084014792082

293 mcbry74 the Ruffian (level 6, -4/50 HPs)
             Began as a Palentonga Berserker on June 24, 2022.
             Was a Believer of Trog.
             Slain by a gnoll
             ... wielding a +0 spear
              (5 damage)
             ... on level 4 of the Dungeon.
             The game lasted 00:12:31 (3708 turns).

mcbry74 the Ruffian (Palentonga Berserker)          Turns: 3708, Time: 00:12:31

Health: -4/50      AC:  4    Str: 23    XL:     6   Next: 11%
Magic:  6/6        EV:  9    Int:  7    God:    Trog [**....]
Gold:   199        SH:  0    Dex:  9    Spells: 5/5 levels left

rFire   . . .      SeeInvis +     - Unarmed
rCold   . . .      Faith    .   (no shield)
rNeg    . . .      Spirit   .   a - +0 animal skin
rPois   +          Reflect  .   (no helmet)
rElec   .          Harm     .   (no cloak)
rCorr   .          Rampage  .   (no gloves)
Will    .....                   (no barding)
Stlth   +.........              (no amulet)
HPRegen 0.16/turn               n - ring of poison resistance
MPRegen 0.10/turn               (no ring)

@: no status effects
A: large, rugged brown scales 3, see invisible, deformed body, roll 1, armoured
tail
a: Rolling Charge, Renounce Religion, Berserk, Trog's Hand


You were on level 4 of the Dungeon.
You worshipped Trog.
Trog was pleased with you.
You visited 1 branch of the dungeon, and saw 4 of its levels.

You collected 199 gold pieces.

Inventory:

Armour
 a - a +0 animal skin (worn)
 g - a +0 kite shield
Jewellery
 n - a ring of poison resistance (left hand)
 o - an amulet of guardian spirit
Scrolls
 b - a scroll of amnesia {unknown}
 d - a scroll of silence {unknown}
 h - 5 scrolls of identify {unknown}
 i - a scroll of magic mapping {unknown}
 l - a scroll of fear {unknown}
 m - a scroll of blinking {unknown}
 p - a scroll of noise {unknown}
Potions
 c - 2 potions of magic {unknown}
 e - a potion of ambrosia {unknown}
 f - a potion of cancellation {unknown}
 j - a potion of brilliance
 k - a potion of lignification {unknown}


   Skills:
 - Level 3.0 Fighting
 - Level 1.6 Armour
 - Level 1.6 Dodging
 + Level 6.8 Unarmed Combat


You had 5 spell levels left.
You didn't know any spells.
Your spell library was empty.

Dungeon Overview and Level Annotations

Branches:
Dungeon (4/15)
 Temple: D:4-7

Altars:
Gozag
Vehumet

Shops:
D:2 (

Annotations:
D:3 1 runed translucent door, Crazy Yiuf
D:4 Eustachio, Sigmund


Innate Abilities, Weirdness & Mutations

You are completely covered in rugged brown scales. (AC +3, +7% HP)
You have supernaturally acute eyesight. (SInv)
Armour fits poorly on your strangely shaped body.
You can roll at nearby foes to attack.
You have a long armoured tail.


Message History

You closely miss Eustachio.
Eustachio is moderately wounded.
The gnoll hits you from afar with a +0 spear.
Eustachio hits you with a +0 rapier!
You closely miss Eustachio.
Eustachio is moderately wounded.
The gnoll hits you from afar with a +0 spear.
Eustachio casts a spell.
You punch Eustachio!
Eustachio is severely wounded.
The gnoll closely misses you. The quokka barely misses you.
Eustachio barely misses you.
You closely miss Eustachio.
Your tail-slap misses Eustachio.
Eustachio is severely wounded.
The quokka barely misses you. The gnoll barely misses you.
You hit Eustachio but do no damage.
Eustachio is severely wounded.
Eustachio hits you with a +0 rapier. The quokka barely misses you.
The gnoll hits you from afar with a +0 spear!
You hit Eustachio.
Eustachio is severely wounded.
Eustachio gestures wildly while chanting.
Eustachio blinks!
The quokka bites you.
* * * LOW HITPOINT WARNING * * *
You closely miss the quokka.
The gnoll hits you from afar with a +0 spear.
* * * LOW HITPOINT WARNING * * *
The quokka bites you.
* * * LOW HITPOINT WARNING * * *
You hit the quokka.
The quokka is heavily wounded.
The gnoll hits you from afar with a +0 spear!
* * * LOW HITPOINT WARNING * * *
The quokka bites you.
* * * LOW HITPOINT WARNING * * *
You punch the quokka!
You kill the quokka!
The quokka's corpse disappears in a puff of smoke!
The gnoll hits you from afar with a +0 spear.
You die...

.. # #. #. #.# #.g
.. #..@ #.## #....
#..#
#...@g####.#####.#.
.....5g)@ยง.........
###########.####.#.
#..# .# #####.## .#
#......# .#
#......##.#
#.......#.#.######
#######.#.#.#.....
#.#.#.#.###.


You could see Eustachio, a quasit (summoned) and 2 gnolls.

Vanquished Creatures
  A water moccasin (D:4)
  An orc priest (D:3)
  An iguana (D:4)
  An orc wizard (D:3)
  A hound skeleton (D:4)
  A gnoll (D:4)
  3 adders
  2 dart slugs (D:1)
  3 orcs
  4 endoplasms
  2 giant cockroaches (D:3)
  6 goblins
  5 hobgoblins
  3 jackals
  3 kobolds (D:1)
  7 ball pythons
  5 bats
  6 frilled lizards
  5 rats
60 creatures vanquished.

Notes
Turn   | Place    | Note
-------+----------+-------------------------------------------
     0 | D:1      | mcbry74 the Palentonga Berserker began the quest for the
                  | Orb.
     0 | D:1      | Reached XP level 1. HP: 19/19 MP: 1/1
   141 | D:1      | Reached XP level 2. HP: 16/25 MP: 2/2
   750 | D:1      | Reached skill level 4 in Unarmed Combat
   947 | D:1      | Reached XP level 3. HP: 27/31 MP: 3/3
  1164 | D:2      | Reached ** piety under Trog
  1233 | D:2      | Found a faded altar of an unknown god.
  1358 | D:2      | Found Zuipy's Weapon Shoppe.
  2140 | D:3      | Reached XP level 4. HP: 23/37 MP: 4/4
  2640 | D:3      | Reached skill level 5 in Unarmed Combat
  2797 | D:3      | Found an opulent altar of Gozag.
  2959 | D:3      | Found a runed translucent door.
  2960 | D:3      | Noticed Crazy Yiuf
  3183 | D:4      | Noticed Sigmund
  3263 | D:4      | Reached XP level 5. HP: 36/43 MP: 5/5
  3342 | D:4      | Reached skill level 6 in Unarmed Combat
  3365 | D:4      | Noticed a water moccasin
  3374 | D:4      | Killed a water moccasin
  3375 | D:4      | Reached XP level 6. HP: 26/50 MP: 6/6
  3530 | D:4      | Found a radiant altar of Vehumet.
  3690 | D:4      | Noticed Eustachio
  3707 | D:4      | HP: 1/50 [quokka[Eustachio] (3)]
  3708 | D:4      | Slain by a gnoll

Illustrated notes

Levels and vault maps discovered:
D:1:      dpeg_arrival_short_road, layout_basic, chequers_serial_rivers_room_a,
          corexii_leaking_fountain
D:2:      layout_loops_ring, serial_shops, shop,
          dreamdust_ecumenical_altar_angels_and_demons
D:3:      layout_rooms, nicolae_gozag_seed_capital, uniq_crazy_yiuf_cottage
D:4:      lemuel_castle_with_subvaults [lemuel_castle_interior_original],
          layout_basic, mainiacjoe_overflow_alcove_1, uniq_sigmund,
          uniq_eustachio, uniq_natasha

Skill      XL: |  1  2  3  4  5 |
---------------+----------------+-----
Unarmed Combat | 4 5 6 |  6.8
Fighting       | |  3.0
Armour         | |  1.6
Dodging        | |  1.6

Action                   |  1- 3 |  4- 6 || total
-------------------------+-------+-------++-------
Melee: Unarmed           |   133 |    91 ||   224
       Tailslap          |    10 |     9 ||    19
       Punch             |     4 |     2 ||     6
Invok: Berserk           |     2 |       ||     2
 Abil: Rolling Charge    |    31 |    16 ||    47
  Use: Potion            |     2 |       ||     2
Armor: Animal skin       |    56 |    13 ||    69
Dodge: Dodged            |    53 |    31 ||    84
